 Dungeon Crawl Stone Soup version 0.17-a0-2118-g63bad21 (webtiles) character file.

107 ActionAutist the Conjurer (level 4, -2/29 HPs)
             Began as a Demigod Wizard on Oct 21, 2015.
             Slain by a worker ant (5 damage)
             ... on level 4 of the Dungeon.
             The game lasted 00:08:06 (3563 turns).

ActionAutist the Conjurer (Demigod Wizard)          Turns: 3563, Time: 00:08:06

Health: -2/29      AC:  2    Str: 10    XL:     4   Next: 32%
Magic:  1/11       EV: 12    Int: 24    God:
Gold:   99         SH:  0    Dex: 14    Spells: 3 memorised, 4 levels left

rFire  + + .     SeeInvis .     h - +0 dagger
rCold  + . .     Clarity  .     a - +0 robe
rNeg   . . .     SustAt   +     (no shield)
rPois  +         Gourm    .     b - +0 hat
rElec  +         Spirit   .     (no cloak)
rCorr  +         Warding  .     (no gloves)
rMut   .         Stasis   .     (no boots)
MR     .....                    (no amulet)
Stlth  ++........               (no ring)
                                (no ring)

@: lethally poisoned (-2 -> -25), resistant, not resistant to hostile
enchantments, unstealthy
A: breathe flames 1, fire resistance 1, frail 1, high mp 1, sustain attributes
a: Breathe Fire


You were on level 4 of the Dungeon.
You were very hungry.

You visited 1 branch of the dungeon, and saw 4 of its levels.

You collected 99 gold pieces.

Inventory:

Hand Weapons
 h - a +0 dagger (weapon)
Armour
 a - a +0 robe (worn)
 b - a +0 hat (worn)
Wands
 m - a wand of slowing (6)
Scrolls
 e - 2 scrolls of remove curse {unknown}
 g - 3 scrolls of teleportation {unknown}
 l - 3 scrolls of identify {unknown}
 q - a scroll of amnesia {unknown}
Books
 c - a book of Minor Magic

   Spells                             Type                      Level
   a - Magic Dart                     Conjuration                  1
   b - Blink                          Translocation                2
   c - Call Imp                       Summoning                    2
   d - Repel Missiles                 Charms/Air                   2
   e - Slow                           Hexes                        2
   f - Conjure Flame                  Conjuration/Fire             3
   g - Mephitic Cloud                 Conjuration/Poison/Air       3
Comestibles
 d - 5 bread rations
 k - 2 royal jellies
 n - 2 meat rations


   Skills:
 - Level 1.7 Dodging
 - Level 1.7 Stealth
 - Level 3.0 Spellcasting
 + Level 3.8 Conjurations
   Level 0.8 Summonings
 - Level 0.8 Translocations


You had 4 spell levels left.
You knew the following spells:

 Your Spells              Type           Power        Failure   Level  Hunger
a - Magic Dart            Conj           ###.         1%          1    None
b - Blink                 Tloc           N/A          12%         2    ##.....
c - Repel Missiles        Chrm/Air       #.....       17%         2    ##.....


Dungeon Overview and Level Annotations

Branches:
Dungeon (4/15)
 Temple: D:4-7

Shops:
D:3 *


Innate Abilities, Weirdness & Mutations

You have an increased reservoir of magic (+10% MP).
Your attributes are resistant to harm.
You can breathe flames.
Your flesh is heat resistant.
You are frail (-10% HP).


Message History

Press: ? - help, Shift-Dir - straight line, f/p - worker ant
Aim: a worker ant (severely wounded)
The magic dart hits the worker ant.
The worker ant is almost dead.
* * * LOW HITPOINT WARNING * * *
You feel sick. The worker ant bites you.
* * * LOW HITPOINT WARNING * * *
You are more poisoned.
The worker ant poisons you!
Unknown command.
Casting: Magic Dart
Confirm with . or Enter, or press ? or * to list all spells.
Aiming: Magic Dart
Press: ? - help, Shift-Dir - straight line, f/p - worker ant
Aim: a worker ant (almost dead)
The magic dart hits the worker ant.
The worker ant is almost dead.
* * * LOW HITPOINT WARNING * * *
You feel sick. The worker ant bites you.
You die...

** ##+#* *,* **,*** ,*
#.# *##**,* *,* ,* #.#
*..,,,* ***,** ,* ##.##
*.#**** *,,,,* ,**
##.<.## *.# *,*,,* ,,*
#.....# *.# *,*,,** ,,*
##...## *.# *,*,,,,
,,######.########a#
*,**,**
*...............@.#
*,**,*
*#######.##########
*,**,* #.# *,,,,* #.#
****** #.# #.# ***
*******#.# **,**
*,,,,,,..* **,*,** ***
*,******,********,***,**
**,**


You could see a worker ant.

Vanquished Creatures
  2 gnolls
  2 adders
  2 worms
  6 orcs
  A giant cockroach (D:2)
  7 goblins
  5 hobgoblins
  4 jackals
  12 kobolds
  A quokka (D:3)
  A ball python (D:3)
  8 bats
  A giant gecko skeleton (D:4)
  2 giant newts
  6 rats
60 creatures vanquished.

Notes
Turn   | Place    | Note
--------------------------------------------------------------
     0 | D:1      | ActionAutist the Demigod Wizard began the quest for the Orb.
     0 | D:1      | Reached XP level 1. HP: 14/14 MP: 6/6
   108 | D:1      | Reached skill level 1 in Conjurations
   474 | D:1      | Reached skill level 3 in Spellcasting
   490 | D:1      | Reached XP level 2. HP: 20/20 MP: 2/8
   974 | D:1      | Learned a level 2 spell: Blink
   977 | D:1      | Learned a level 2 spell: Repel Missiles
  1506 | D:2      | Found a snail-covered altar of Cheibriados.
  1553 | D:2      | Reached XP level 3. HP: 13/26 MP: 1/10
  1887 | D:2      | Found a shattered altar of Ashenzari.
  2548 | D:3      | Found Zin's Purification Station.
  2811 | D:3      | Found a glowing silver altar of Zin.
  2913 | D:3      | Found a shadowy altar of Dithmenos.
  3007 | D:3      | Found a sparkling altar of Nemelex Xobeh.
  3008 | D:3      | Found a deep blue altar of Sif Muna.
  3062 | D:3      | Reached XP level 4. HP: 29/33 MP: 11/11
  3561 | D:4      | Gained mutation: Your flesh is heat resistant. [potion of mutation]
  3561 | D:4      | Gained mutation: You can breathe flames. [potion of mutation]
  3561 | D:4      | Gained mutation: You are frail (-10% HP). [potion of mutation]
  3563 | D:4      | Slain by a worker ant

Vault maps used:
D:1:      minmay_arrival_glassed_features, hex_large, minivault_4
D:2:      cheibriados_altar_wand_db, nicolae_overflow_hidden_temple,
          first_bread, grunt_decor_one_mirror
D:3:      lemuel_crystal_altar, zin_purify, grunt_temple_overflow_open
D:4:      lemuel_round_altar, enter_ossuary_5, uniq_pikel

Action                   |  1- 3 |  4- 6 || total
-------------------------+-------+-------++-------
Melee: Dagger            |   102 |    17 ||   119
       Unarmed           |     6 |       ||     6
 Cast: Magic Dart        |   119 |    24 ||   143
       Blink             |     2 |       ||     2
  Use: Potion            |     1 |     2 ||     3
       Scroll            |       |     2 ||     2
 Stab: Sleeping          |       |     1 ||     1
  Eat: Chunk             |     7 |       ||     7
